 Dungeon Crawl Stone Soup version 0.25-a0-353-ged6d54792d (webtiles) character file.

Game seed: 2984767738126571021, levelgen mode: classic

167 Borgoz the Skirmisher (level 5, -2/33 HPs)
             Began as a Gargoyle Fighter on Jan 1, 2020.
             Slain by Sigmund
             ... wielding a +0 scythe
              (8 damage)
             ... on level 3 of the Dungeon.
             The game lasted 00:02:58 (1864 turns).

Borgoz the Skirmisher (Gargoyle Fighter)            Turns: 1864, Time: 00:02:59

Health: -2/33      AC: 11    Str: 25    XL:     5   Next: 48%
Magic:  5/5        EV: 10    Int:  9    God:
Gold:   54         SH:  0    Dex:  9    Spells: 4/4 levels left

rFire    . . .     SeeInvis .   a - +0 flail
rCold    . . .     Gourm    .   (no shield)
rNeg     + . .     Faith    .   b - +0 scale mail
rPois    ∞         Spirit   .   (no helmet)
rElec    +         Reflect  .   (no cloak)
rCorr    .         Harm     +   (no gloves)
MR       .....                  (no boots)
Stlth    ..........             j - amulet of harm
HPRegen  0.11/turn              (no ring)
MPRegen  0.09/turn              (no ring)

@: mighty
A: negative energy resistance 1, electricity resistance, unbreathing,
petrification resistance, rot immunity, AC +4
a: no special abilities


You were on level 3 of the Dungeon.
You were not hungry.

You visited 1 branch of the dungeon, and saw 3 of its levels.

You collected 54 gold pieces.

Inventory:

Hand Weapons
 a - a +0 flail (weapon)
Armour
 b - a +0 scale mail (worn)
Jewellery
 j - an amulet of harm (around neck)
Scrolls
 c - 2 scrolls of identify {unknown}
 e - a scroll of enchant armour {unknown}
 h - 2 scrolls of amnesia {unknown}
 p - a scroll of teleportation {unknown}
Potions
 i - a potion of cancellation {unknown}
 k - a potion of agility {unknown}
 l - a potion of experience {unknown}
 m - a potion of haste {unknown}
 n - a potion of ambrosia {unknown}
 o - a potion of heal wounds {unknown}
Comestibles
 f - 4 rations
 g - 2 chunks of flesh


   Skills:
 + Level 4.2 Fighting
 * Level 3.7 Maces & Flails
 + Level 4.1 Armour
 + Level 1.4 Dodging
   Level 3.3 Shields


You had 4 spell levels left.
You didn't know any spells.
Your spell library was empty.

Dungeon Overview and Level Annotations

Branches:
Dungeon (3/15)

Altars:
Dithmenos
Vehumet
Yredelemnul

Annotations:
D:3 Sigmund


Innate Abilities, Weirdness & Mutations

You are resistant to torment.
Your stone body is resilient. (AC +4)
You are immune to poison.
You resist negative energy. (rN+)
You are resistant to electric shocks. (rElec)
You can survive without breathing.
You are immune to petrification.
You are immune to rotting.


Message History

You feel very mighty all of a sudden. The ball python completely misses you.
The ball python grabs you. The ball python constricts you.
You thump the ball python!
You kill the ball python!
Something hits you.
No target in view!
Something hits you!
You closely miss something. Something hits you.
You barely miss something. Something hits you.
You closely miss something. You completely miss something.
Something hits you but does no damage.
You miss something. Something hits you but does no damage.
You closely miss something. Something hits you.
You barely miss something. Something hits you but does no damage.
You miss something. You sock something! Something hits you.
* * * LOW HITPOINT WARNING * * *
You miss something. Something hits you!
You die...

#.. #...#.#
#..###########...#.#
#............#...#.#
#..............#.#.#
#......###.###...#
+......# #.# #...#
#......# #.# #...#.#
#..(...# #.# #..>#.#
#...@..# #.# #.###.#
#...{..# #.# #.# #.#
#......# #.# #.# #.#
........# #.# #.#
..........# #.###.##
.........## #......#
....#####. ######.#
.... . ##.. ##...


There were no monsters in sight!

Vanquished Creatures
  2 vampire bats (D:3)
  2 adders
  A worm (D:2)
  8 dart slugs
  A leopard gecko (D:1)
  A ball python (D:3)
  2 goblins
  9 hobgoblins
  7 kobolds
  A quokka (D:3)
  9 bats
  3 frilled lizards
  8 rats
54 creatures vanquished.

Notes
Turn   | Place    | Note
-------+----------+-------------------------------------------
     0 | D:1      | Borgoz the Gargoyle Fighter began the quest for the Orb.
     0 | D:1      | Reached XP level 1. HP: 14/14 MP: 1/1
   150 | D:1      | Reached XP level 2. HP: 9/19 MP: 2/2
   723 | D:1      | Reached XP level 3. HP: 22/23 MP: 3/3
  1088 | D:2      | Found a shadowy altar of Dithmenos.
  1147 | D:2      | Found a basalt altar of Yredelemnul.
  1178 | D:2      | Reached XP level 4. HP: 29/29 MP: 4/4
  1359 | D:2      | Reached skill level 1 in Dodging
  1503 | D:2      | Found a radiant altar of Vehumet.
  1800 | D:3      | Reached XP level 5. HP: 33/33 MP: 5/5
  1848 | D:3      | Noticed Sigmund
  1864 | D:3      | Slain by Sigmund

Levels and vault maps discovered:
D:1:      ebering_hopf_link, layout_loops_cross, hangedman_decor_growths
D:2:      layout_basic, yredelemnul_altar_generic, lemuel_doored_altar,
          lemuel_tele_altar
D:3:      layout_basic, chequers_ecumenical_altar_simple, roderic_batcave,
          uniq_sigmund, uniq_terence

Skill      XL: |  1  2  3  4 |
---------------+-------------+-----
Maces & Flails | 3 |  3.7
Dodging        | 1 |  1.4
Fighting       | 4 |  4.2
Armour         | 4 |  4.1
Shields        | |  3.3

Action                   |  1- 3 |  4- 6 || total
-------------------------+-------+-------++-------
Melee: Flail             |    94 |    78 ||   172
  Use: Potion            |       |     1 ||     1
  Eat: Chunk             |     1 |     2 ||     3
Armor: Scale mail        |    43 |    68 ||   111
Dodge: Dodged            |    64 |    54 ||   118
Block: Shield            |     2 |       ||     2

Table legend:
 A = Non-vault XP
 B = Vault XP
 C = Vault XP percentage of total XP
 D = Non-vault monster count
 E = Vault monster count
 F = Vault count percentage of total count
                 A         B        C        D         E       F
            +---------+---------+-------+---------+---------+-------
      Total |     118 |     121 |  50.6 |      46 |       8 |  14.8
            +---------+---------+-------+---------+---------+-------
        D:1 |      49 |       0 |   0.0 |      23 |       0 |   0.0
        D:2 |      49 |       0 |   0.0 |      18 |       0 |   0.0
        D:3 |      20 |     121 |  85.8 |       5 |       8 |  61.5
            +---------+---------+-------+---------+---------+-------
